 Dungeon Crawl Stone Soup version 0.29-a0-834-g1e95ca9f62 (webtiles) character file.

Game seed: 5512985330530371429

32 purpskrrrp the Sneak (level 3, -1/16 HPs)
             Began as a Vine Stalker Enchanter on July 12, 2022.
             Succumbed to a kobold's poison
             ... on level 3 of the Dungeon.
             The game lasted 00:05:33 (1803 turns).

purpskrrrp the Sneak (Vine Stalker Enchanter)       Turns: 1803, Time: 00:05:33

Health: -1/16      AC:  4    Str: 10    XL:     3   Next: 25%
Magic:  2/7        EV: 12    Int: 21    God:
Gold:   124        SH:  0    Dex: 16    Spells: 4/6 levels left

rFire   . . .      SeeInvis .   a - +1 dagger
rCold   . . .      Faith    .   (no shield)
rNeg    . . .      Spirit   +   b - +0 robe
rPois   .          Reflect  .   (no helmet)
rElec   .          Harm     .   k - +1 cloak
rCorr   .          Rampage  .   (no gloves)
Will    .....                   (no boots)
Stlth   +++.......              (no amulet)
HPRegen 0.05/turn               h - +6 ring of intelligence
MPRegen 0.10/turn               (no ring)

@: lethally poisoned (-1 -> -15)
A: fangs 2, magic shield, antimagic bite, no potion heal 2
a: no special abilities


You were on level 3 of the Dungeon.
You visited 1 branch of the dungeon, and saw 3 of its levels.

You collected 124 gold pieces.

Inventory:

Hand Weapons
 a - a +1 dagger (weapon)
Missiles
 j - 2 boomerangs (quivered)
Armour
 b - a +0 robe (worn)
 k - a +1 cloak (worn)
Jewellery
 h - a +6 ring of intelligence (left hand)
Scrolls
 f - a scroll of identify
Potions
 c - 3 potions of invisibility
 d - 2 potions of curing {unknown}
 e - 3 potions of magic {unknown}
 g - a potion of lignification
 i - a potion of ambrosia {unknown}


   Skills:
 + Level 0.1 Fighting
 + Level 1.2 Short Blades
 + Level 1.7 Dodging
 * Level 4.4 Stealth
 + Level 2.4 Spellcasting
 * Level 3.2 Hexes


You had 4 spell levels left.
You knew the following spells:

 Your Spells              Type           Power      Damage    Failure   Level
a - Ensorcelled Hibernat  Hex/Ice        18%        N/A       11%         2

Your spell library contained the following spells:

 Spells                   Type           Power      Damage    Failure   Level
 Confusing Touch          Hex            16%        N/A       11%         3
 Tukima's Dance           Hex            16%        N/A       11%         3
 Freeze                   Ice            8%         1d3       14%         1
 Dazzling Flash           Conj/Hex       18%        N/A       22%         3
 Frozen Ramparts          Ice            4%         1d2       38%         3
 Hailstorm                Conj/Ice       2%         3d3       80%         4


Dungeon Overview and Level Annotations

Branches:
Dungeon (3/15)

Altars:
Sif Muna

Shops:
D:2 *


Innate Abilities, Weirdness & Mutations

You have extremely sharp teeth.
When hurt, damage is shared between your health and your magic reserves.
Your bite disrupts and absorbs the magic of your enemies.
Potions cannot restore your health.


Message History

You see here a +1 cloak.
k - a +1 cloak You start putting on your armour.
You continue putting on your +1 cloak. x4
You finish putting on your +1 cloak.
Done exploring.
You feel clever.
h - a +6 ring of intelligence (left hand) Done exploring.
No target in view!
You see here a +0 leather armour.
You see here a +0 cloak.
There is a stone staircase leading down here.
You climb downwards.
There is a stone staircase leading up here.
Casting: Ensorcelled Hibernation (safe; 11% risk of failure)
Confirm with . or Enter, or press ? or * to list all spells.
Aiming: Ensorcelled Hibernation (safe; 11% risk of failure)
Press: ? - help, Shift-Dir - straight line, f - kobold
Aim: a kobold, wielding a +2 short sword of venom (chance to affect: 61%)
The kobold looks drowsy...
The helpless hobgoblin fails to defend itself.
You impale the hobgoblin!!
You kill the hobgoblin!
The kobold shouts!
The kobold hits you with a +2 short sword of venom.
You are lethally poisoned!
You hit the kobold but do no damage. Your bite misses the kobold.
You feel very sick.
The kobold hits you with a +2 short sword of venom.
You are more poisoned.
You are too injured to fight recklessly!
You are too injured to fight recklessly!
You are too injured to fight recklessly!
You are too injured to fight recklessly!
You are too injured to fight recklessly!
You hit the kobold.
You kill the kobold!
* * * LOW HITPOINT WARNING * * *
You feel very sick.
You die...

#
####.#####
#@........
#.##......
#.......#
#<..#...#
#...# .#
#.....#
#..##.#
.... ...
##.#.# ###


There were no monsters in sight!

Vanquished Creatures
  A ball python (D:1)
  2 bats (D:1)
  6 endoplasms
  3 giant cockroaches
  3 hobgoblins
  A quokka (D:2)
  3 goblins (D:1)
  4 kobolds
  4 rats
27 creatures vanquished.

Notes
Turn   | Place    | Note
-------+----------+-------------------------------------------
     0 | D:1      | purpskrrrp the Vine Stalker Enchanter began the quest for
                  | the Orb.
     0 | D:1      | Reached XP level 1. HP: 9/9 MP: 4/4
   333 | D:1      | Reached skill level 1 in Short Blades
   447 | D:1      | Reached XP level 2. HP: 13/13 MP: 6/6
   556 | D:1      | Reached skill level 4 in Stealth
   875 | D:2      | Found a faded altar of an unknown god.
   909 | D:2      | Learned a level 2 spell: Ensorcelled Hibernation
   921 | D:2      | Found Ekhoewig's General Store.
  1026 | D:2      | Found a shimmering blue altar of Sif Muna.
  1278 | D:2      | Reached XP level 3. HP: 9/16 MP: 2/7
  1803 | D:3      | Succumbed to a kobold's poison

Illustrated notes

Levels and vault maps discovered:
D:1:      spicycebolla_green_bress_n_ham_2, layout_basic
D:2:      layout_rooms, basic_altar, basic_ecumenical_altar, serial_shops,
          nicolae_shop_crystal
D:3:      layout_basic, amcnicky_altar_gilded

Skill      XL: |  1  2 |
---------------+-------+-----
Short Blades   | 1 |  1.2
Stealth        | 4 |  4.4
Fighting       | |  0.1
Dodging        | |  1.7
Spellcasting   | |  2.4
Hexes          | |  3.2

Action                   || total
-------------------------++-------
Melee: Dagger            ||    67
       Bite              ||    14
       Punch             ||     2
 Cast: Ensorcelled Hiber ||     5
  Use: Scroll            ||     3
 Stab: Sleeping          ||    11
Armor: Robe              ||     9
Dodge: Dodged            ||    23

Table legend: (Time is in decaauts)
 A = Elapsed time spent in this place.
 B = Non-inter-level travel time spent in this place.
 C = Inter-level travel time spent in this place.
 D = Time resting spent in this place.
 E = Time spent auto-exploring this place.
 F = Levels seen in this place.
 G = Mean time per level.
                   A        B        C        D        E       F      G
               +--------+--------+--------+--------+--------+-----+--------+
         Total |   1799 |   1760 |     39 |    125 |   1364 |   3 |  599.7 |
       Dungeon |   1799 |   1760 |     39 |    125 |   1364 |   3 |  599.7 |
               +--------+--------+--------+--------+--------+-----+--------+

Top non-repeatable levels by time:
     D:2: 916 daAuts
     D:1: 876 daAuts
     D:3: 7 daAuts
